 Dungeon Crawl Stone Soup version 0.30-a0-634-g8abc85282e (webtiles) character file.

Game seed: 17096484422129055982

14669 mampy3000 the Cleaver (level 11, -41/102 HPs)
             Began as a Minotaur Berserker on Jan 13, 2023.
             Was an Elder of Trog.
             Annihilated by an enormous slime creature (59 damage)
             ... on level 12 of the Dungeon on Jan 14, 2023.
             The game lasted 00:28:41 (8951 turns).

mampy3000 the Cleaver (Minotaur Berserker)          Turns: 8951, Time: 00:28:41

Health: -41/102    AC: 20    Str: 25    XL:     11   Next: 91%
Magic:  10/10      EV: 11    Int:  4    God:    Trog [****..]
Gold:   2416       SH:  0    Dex: 14    Spells: 10/10 levels left

rFire   . . .      SeeInvis .    t - +6 hand axe "Nul Vyul" {vamp, Contam rCorr Dex+3 Stlth+}
rCold   + . .      Faith    .    (no shield)
rNeg    . . .      Spirit   .    y - +3 chain mail {rPois}
rPois   +          Reflect  .    (helmet restricted)
rElec   .          Harm     .    A - +2 cloak
rCorr   +          Rampage  .    g - +1 pair of gloves
Will    .....                    (no boots)
Stlth   +                        f - amulet of the acrobat
HPRegen 0.37/turn                k - ring of resist corrosion
MPRegen 0.12/turn                n - ring of protection from cold

@: no status effects
A: horns 2, retaliatory headbutt
a: Renounce Religion, Berserk, Trog's Hand, Brothers in Arms


You were on level 12 of the Dungeon.
You worshipped Trog.
Trog was greatly pleased with you.
You visited 1 branch of the dungeon, and saw 12 of its levels.

You collected 2416 gold pieces.

Inventory:

Hand Weapons
 a - a +1 hand axe
 t - the +6 hand axe "Nul Vyul" (weapon) {vamp, Contam rCorr Dex+3 Stlth+}
   (You acquired it on level 4 of the Dungeon)

   Dex:       It affects your dexterity (+3).
   Contam:    It causes magical contamination when unequipped.
   rCorr:     It protects you from acid and corrosion.
   Stlth:     It makes you more stealthy.
Missiles
 s - 2 throwing nets (quivered)
Armour
 g - a +1 pair of gloves (worn)
 y - a +3 chain mail of poison resistance (worn)
 A - a +2 cloak (worn)
Jewellery
 f - an amulet of the acrobat (around neck)
 k - a ring of resist corrosion (left hand)
 n - a ring of protection from cold (right hand)
Wands
 b - a wand of polymorph (8)
 m - a wand of digging (7)
 u - a wand of roots (18)
 D - a wand of charming (7)
 F - a wand of flame (7)
Scrolls
 h - 4 scrolls of teleportation
 w - 7 scrolls of identify
 x - a scroll of enchant weapon
 B - a scroll of fog
 E - a scroll of silence {unknown}
 G - a scroll of poison
Potions
 c - a potion of degeneration {unknown}
 d - 3 potions of might
 e - 3 potions of lignification
 i - 2 potions of resistance
 j - a potion of berserk rage
 l - 4 potions of mutation
 o - a potion of flight {unknown}
 p - 5 potions of curing {unknown}
 q - a potion of magic
 r - 2 potions of haste
 v - 4 potions of heal wounds {unknown}
 z - 2 potions of brilliance
 C - 2 potions of cancellation {unknown}


   Skills:
 + Level 11.2 Fighting
 + Level 14.7 Axes
 + Level 9.6 Armour
 + Level 7.4 Dodging
 + Level 6.6 Stealth


You had 10 spell levels left.
You didn't know any spells.
Your spell library was empty.

Dungeon Overview and Level Annotations

Branches:
Dungeon (12/15)            Temple (0/1) D:5            Lair (0/5) D:10
    Orc: D:9-12

Altars:
Dithmenos
Elyvilon
Kikubaaqudgha
Makhleb
Nemelex Xobeh
Qazlal
Ru
Uskayaw
Yredelemnul

Shops:
D:8 *


Innate Abilities, Weirdness & Mutations

You have a pair of horns on your head.
You reflexively headbutt those who attack you in melee.


Message History

The slime creature closely misses you. You furiously retaliate!
You headbutt the slime creature!
Two slime creatures merge to form a large slime creature. x2
The large slime creature hits you but does no damage.
You slash the large slime creature! You headbutt the large slime creature.
The large slime creature is lightly wounded.
You slash the large slime creature!
The large slime creature is moderately wounded.
Two slime creatures merge to form an enormous slime creature.
You slash the enormous slime creature!
You headbutt the enormous slime creature!
The enormous slime creature is moderately wounded.
You barely miss the enormous slime creature.
Your headbutt misses the enormous slime creature.
The enormous slime creature is moderately wounded.
The enormous slime creature hits you!!!
You slash the enormous slime creature!
You feel better.
You headbutt the enormous slime creature!
The enormous slime creature is moderately wounded.
The enormous slime creature hits you!!
* * * LOW HITPOINT WARNING * * *
You completely miss the enormous slime creature.
The enormous slime creature is moderately wounded.
You hit the enormous slime creature.
You feel better.
You headbutt the enormous slime creature.
The enormous slime creature is moderately wounded.
The enormous slime creature hits you but does no damage.
You slash the enormous slime creature!
You feel better.
The enormous slime creature is heavily wounded.
You hit the enormous slime creature.
You feel better.
You headbutt the enormous slime creature!
The enormous slime creature is heavily wounded.
The enormous slime creature hits you!
* * * LOW HITPOINT WARNING * * *
You slash the enormous slime creature!
You headbutt the enormous slime creature.
The enormous slime creature is heavily wounded.
The enormous slime creature hits you!!!
Ouch! That really hurt!
You die...

.....########........
..............#######
##+##.........#
..PP8§........#
.§8§§§§..####.#
.§§8§§§§.#
#.########..
#.§.P....#
#...........
..§.§....#
#..........#
##.....§.#
####@#####.#
#.......# #J#
##.......# #.#
##.......# #.#
..†......# #.#
.~~~P....# #..J.#
~~~~....## +....#
~~~~~...# #.$..#
~.~~P...# #....#


You could see an enormous slime creature.

Vanquished Creatures
  2 slime creatures (D:10)
  A boulder beetle (D:11)
  4 two-headed ogres
  A kobold demonologist (D:11)
  An unseen horror (D:10)
  Maggie (D:8)
  A komodo dragon (D:12)
  An efreet (D:12)
  2 trolls
  A hornet (D:10)
  Sigmund (D:5)
  2 vampires (D:12)
  A basilisk (D:12)
  A wraith (D:12)
  5 wyverns
  Grum (D:9)
  5 shadows
  6 yaks
  3 steam dragons
  2 water moccasins
  A sky beast (D:8)
  3 black bears
  4 ice beasts
  An orc warrior (D:10)
  An ogre (D:5)
  4 wolves (D:9)
  A phantom (D:6)
  7 centaurs
  3 kobold brigands
  Blork the orc (D:6)
  3 bullfrogs
  5 gnoll sergeants
  2 scorpions
  A wight (D:10)
  5 killer bees (D:9)
  4 howler monkeys
  A crimson imp (D:5)
  5 jellies
  3 quasits (D:5)
  9 hounds
  4 orc priests
  2 iguanas (D:6)
  Ijyb (D:3)
  Natasha (thrice) (D:2)
  7 orc wizards
  25 gnolls
  7 adders
  2 shadow imps
  A white imp (D:6)
  An ufetubus (D:5)
  A worm (D:2)
  A dart slug (D:4)
  17 orcs
  7 endoplasms
  2 giant cockroaches
  3 hobgoblins
  3 jackals (D:8)
  5 quokkas
  4 ball pythons
  6 bats
  3 frilled lizards (D:2)
  12 goblins
  15 kobolds
  5 rats
243 creatures vanquished.

Vanquished Creatures (collateral kills)
  A two-headed ogre (D:10)
1 creature vanquished.

Grand Total: 244 creatures vanquished

Notes
Turn   | Place    | Note
-------+----------+-------------------------------------------
     0 | D:1      | mampy3000 the Minotaur Berserker began the quest for the
                  | Orb.
     0 | D:1      | Reached XP level 1. HP: 19/19 MP: 0/0
     6 | D:1      | Noticed a komodo dragon
     6 | D:1      | Noticed a tyrant leech
     6 | D:1      | Noticed an imperial myrmidon
     7 | D:1      | Noticed a fire giant
   229 | D:1      | Found a faded altar of an unknown god.
   234 | D:1      | Reached XP level 2. HP: 21/27 MP: 1/1
   266 | D:1      | Reached skill level 4 in Axes
   728 | D:2      | Reached XP level 3. HP: 33/33 MP: 2/2
   734 | D:2      | Reached ** piety under Trog
   846 | D:2      | Noticed Natasha
   855 | D:2      | Killed Natasha
   856 | D:2      | Reached skill level 5 in Axes
   856 | D:2      | Reached XP level 4. HP: 26/40 MP: 3/3
   893 | D:2      | Noticed Natasha
   901 | D:2      | Killed Natasha
  1078 | D:2      | Noticed Natasha
  1087 | D:2      | Killed Natasha
  1288 | D:3      | Reached XP level 5. HP: 47/47 MP: 4/4
  1301 | D:3      | Found an ancient bone altar of Kikubaaqudgha.
  1514 | D:3      | Identified the +3 leather armour of Twilight {*Slow +Blink
                  | rPois Str-4 Slay+3}
  1629 | D:3      | Noticed Ijyb
  1647 | D:3      | Killed Ijyb
  1729 | D:3      | Reached skill level 6 in Axes
  2110 | D:4      | Reached skill level 5 in Fighting
  2110 | D:4      | Reached XP level 6. HP: 56/56 MP: 5/5
  2213 | D:4      | Identified 2 scrolls of acquirement
  2213 | D:4      | Acquired the +6 hand axe "Nul Vyul" {vamp, Contam rCorr
                  | Dex+3 Stlth+}
  2216 | D:4      | Acquired 830 gold pieces
  2230 | D:4      | Acquired 829 gold pieces
  2302 | D:4      | Found a shadowy altar of Dithmenos.
  2330 | D:4      | Reached *** piety under Trog
  2334 | D:4      | Reached skill level 1 in Stealth
  2714 | D:5      | Entered Level 5 of the Dungeon
  2719 | D:5      | Noticed an ice beast
  2728 | D:5      | Killed an ice beast
  2729 | D:5      | Reached skill level 7 in Axes
  2729 | D:5      | Reached XP level 7. HP: 61/61 MP: 6/6
  2813 | D:5      | Found a staircase to the Ecumenical Temple.
  2940 | D:5      | Reached skill level 8 in Axes
  2971 | D:5      | Noticed Sigmund
  2981 | D:5      | Killed Sigmund
  2982 | D:5      | Reached XP level 8. HP: 70/70 MP: 7/7
  3033 | D:5      | Found a basalt altar of Yredelemnul.
  3034 | D:5      | Found a sparkling altar of Nemelex Xobeh.
  3037 | D:5      | Found a hide-covered altar of Uskayaw.
  3038 | D:5      | Found a white marble altar of Elyvilon.
  3312 | D:5      | Found a burning altar of Makhleb.
  3323 | D:5      | Reached skill level 9 in Axes
  3679 | D:6      | Noticed Blork the orc
  3742 | D:6      | Killed Blork the orc
  3909 | D:6      | Reached XP level 9. HP: 78/78 MP: 8/8
  3909 | D:6      | Reached **** piety under Trog
  3929 | D:6      | Reached skill level 10 in Axes
  4271 | D:7      | Reached skill level 5 in Stealth
  4383 | D:7      | Found a sacrificial altar of Ru.
  4393 | D:7      | Reached skill level 5 in Dodging
  4814 | D:7      | Reached skill level 11 in Axes
  5313 | D:8      | Noticed Maggie
  5319 | D:8      | Killed Maggie
  5565 | D:8      | Reached XP level 10. HP: 81/88 MP: 9/9
  5669 | D:8      | Found Weoxenorgh's Assorted Antiques.
  6026 | D:9      | Noticed a two-headed ogre
  6036 | D:9      | Reached skill level 12 in Axes
  6038 | D:9      | Killed a two-headed ogre
  6039 | D:9      | Reached skill level 5 in Armour
  6186 | D:9      | Found a stormy altar of Qazlal.
  6204 | D:9      | Noticed Grum
  6222 | D:9      | Killed Grum
  6555 | D:10     | Entered Level 10 of the Dungeon
  6683 | D:10     | Killed an enormous slime creature
  6684 | D:10     | Reached skill level 13 in Axes
  6796 | D:10     | Found a staircase to the Lair.
  6937 | D:10     | Upgraded the game from 0.30-a0-632-g346586fe48 to
                  | 0.30-a0-634-g8abc85282e
  6947 | D:10     | Noticed a two-headed ogre
  6957 | D:10     | Killed a two-headed ogre
  6958 | D:10     | Reached XP level 11. HP: 99/99 MP: 10/10
  6958 | D:10     | Noticed a two-headed ogre
  6966 | D:10     | Killed a two-headed ogre
  7125 | D:10     | Found a flagged portal.
  7337 | D:10     | Reached skill level 10 in Fighting
  7339 | D:10     | Reached skill level 14 in Axes
  7629 | D:11     | Noticed a two-headed ogre
  7649 | D:11     | Killed a two-headed ogre
  7894 | D:11     | Noticed a boulder beetle
  7908 | D:11     | Killed a boulder beetle
  8196 | D:11     | Noticed a two-headed ogre
  8208 | D:11     | Killed a two-headed ogre
  8241 | D:11     | Identified the +2 helmet "Buinwe" {-Tele Harm rElec Dex+4}
  8951 | D:12     | Annihilated by an enormous slime creature

Illustrated notes

Levels and vault maps discovered:
D:1:      onia_arrival_zoo_common, layout_loops_cross, basic_ecumenical_altar
D:2:      layout_rooms, uniq_natasha
D:3:      layout_loops_cross, nicolae_kikubaaqudgha_miasma_corner, uniq_ijyb
D:4:      layout_basic, mainiacjoe_overflow_catwalk
D:5:      layout_rooms, makhleb_grotto_becter, mainiacjoe_overflow_alcove_3,
          temple_pool_b, serial_demonic, serial_demonic_d, serial_demonic_b,
          serial_demonic_c, serial_demonic_b, serial_demonic_a,
          kennysheep_generic_room_14, uniq_sigmund
D:6:      layout_gridville, amethyst_killhole, minivault_24, uniq_blork_the_orc
D:7:      layout_loops_corners, lemuel_crystal_altar
D:8:      layout_cave_pools, serial_gnoll_camp, gnoll_camp_mini_house,
          gnoll_camp_mini_shop, gnoll_camp_mini_doghouse,
          gnoll_camp_mini_sergeant, chequers_serial_rivers_small_b, uniq_maggie
D:9:      layout_rooms, kennysheep_mini_moat, uniq_grum
D:10:     minmay_s_stair_smasher, layout_loops_ring, lair_entry_dummy,
          enter_bailey_3
D:11:     layout_loops_cross, grunt_decor_mini_mirrors
D:12:     layout_irregular_city, david_orc_4, serial_undead, serial_undead_e,
          serial_undead_e, serial_undead_f, serial_undead_f, serial_undead_b,
          serial_shops, shop, kennysheep_generic_room_2

Skill      XL: |  1  2  3  4  5  6  7  8  9 10 11 |
---------------+----------------------------------+-----
Axes           | 4 5 6 7 8 9 11 13 14 | 14.7
Fighting       | 4 5 6 8 9 11 | 11.2
Armour         | 3 4 6 9 |  9.6
Dodging        | 3 4 6 7 |  7.4
Stealth        | 1 2 4 6 |  6.6

Action                   |  1- 3 |  4- 6 |  7- 9 | 10-12 || total
-------------------------+-------+-------+-------+-------++-------
Melee: Hand axe          |    58 |    88 |   201 |   277 ||   624
       Headbutt          |    10 |    11 |    40 |    62 ||   123
       Punch             |     1 |       |     2 |     4 ||     7
Invok: Berserk           |     1 |     4 |     5 |     9 ||    19
       Trog's Hand       |       |       |       |     1 ||     1
       Brothers in Arms  |       |       |       |     1 ||     1
  Use: Scroll            |     5 |     5 |    10 |     4 ||    24
 Stab: Sleeping          |     1 |     4 |    16 |       ||    21
Armor: Animal skin       |    12 |     2 |       |       ||    14
       Leather armour    |       |    16 |    47 |       ||    63
       Chain mail        |       |       |    12 |    98 ||   110
Dodge: Dodged            |    32 |    47 |   138 |   170 ||   387

Table legend: (Time is in decaauts)
 A = Elapsed time spent in this place.
 B = Non-inter-level travel time spent in this place.
 C = Inter-level travel time spent in this place.
 D = Time resting spent in this place.
 E = Time spent auto-exploring this place.
 F = Levels seen in this place.
 G = Mean time per level.
                   A        B        C        D        E       F      G
               +--------+--------+--------+--------+--------+-----+--------+
         Total |   9017 |   8262 |    755 |      0 |   6626 |  12 |  751.4 |
       Dungeon |   9017 |   8262 |    755 |      0 |   6626 |  12 |  751.4 |
               +--------+--------+--------+--------+--------+-----+--------+

Top non-repeatable levels by time:
     D:7: 1047 daAuts
    D:10: 991 daAuts
     D:3: 907 daAuts
    D:11: 888 daAuts
     D:1: 870 daAuts
     D:6: 864 daAuts
     D:8: 761 daAuts
     D:5: 664 daAuts
     D:2: 637 daAuts
     D:9: 529 daAuts
    D:12: 510 daAuts
     D:4: 345 daAuts
